 Dungeon Crawl Stone Soup version 0.31-a0-981-geadf994542 (webtiles) character file.

Game seed: 11748001091383270467

398 mattiecakes the Ruffian (level 7, -3/70 HPs)
             Began as a Djinni Shapeshifter on Nov 2, 2023.
             Slain by a kobold
             ... wielding a +0 whip of electrocution
              (18 damage)
             ... in a sewer.
             The game lasted 00:07:35 (2669 turns).

mattiecakes the Ruffian (Djinni Shapeshifter)       Turns: 2669, Time: 00:07:35

Health: -3/70      AC: 27    Str: 21    XL:     7   Next: 10%
Gold:   194        EV:  2    Int: 12    God:
                   SH:  0    Dex: 12

rFire   . .          .
                       - Unarmed
rCold   . . .        (no shield)
rNeg    . . .        a - melded +0 animal skin
rPois   ∞            (helmet currently unavailable)
rElec   .            (cloak currently unavailable)
rCorr   .            (gloves currently unavailable)
SInv    .            (boots unavailable)
Will    +....        (no amulet)
Stlth   +            l - +4 ring of protection
HPRegen 0.31/turn    g - +6 ring of strength
MPRegen 0.00/turn

%: infuse magic (-4 HP)
@: tree-form, enlightened, very slow
A: stationary, stasis, torment immunity, boosted hp, sickness immunity, (fire
resistance 2), (cold vulnerability 1), float, innate caster, HP casting, extra
vitality 1
a: no special abilities


You were in a sewer.
You were a tree.
You visited 1 branch of the dungeon, and saw 4 of its levels.
You also visited: Sewer.

You collected 194 gold pieces.

Inventory:

Armour
 a - a +0 animal skin (melded)
Jewellery
 g - a +6 ring of strength (right branch)
 l - a +4 ring of protection (left branch)
Talismans
 c - a beast talisman
 d - a flux talisman
Scrolls
 i - 5 scrolls of identify {unknown}
 j - 2 scrolls of amnesia {unknown}
 k - 3 scrolls of teleportation {unknown}
 m - a scroll of fog {unknown}
 o - a scroll of enchant weapon {unknown}
 p - 2 scrolls of immolation {unknown}
 r - a scroll of acquirement {unknown}
Potions
 f - a potion of mutation {unknown}
 h - a potion of invisibility {unknown}
 n - 2 potions of resistance {unknown}
 q - a potion of attraction {unknown}
 s - a potion of brilliance {unknown}


   Skills:
 - Level 1.0 Fighting
 - Level 2.1 Dodging
 + Level 5.6 Unarmed Combat
 + Level 4.8 Shapeshifting


You knew the following spells:

 Your Spells              Type           Power      Damage    Failure   Level
a - Magic Dart            Conj           0%         1d3       32%         1
b - Searing Ray           Conj           0%         2d4       45%         2
c - Lesser Beckoning      Tloc           0%         N/A       45%         2
Your spell library was empty.

Dungeon Overview and Level Annotations

Branches:
Dungeon (4/15)              Sewer (1/1)
 Temple: D:4-7

Altars:
Hepliaklqana
Xom
Zin

Shops:
D:2 *   D:3 (


Innate Abilities, Weirdness & Mutations

You are a tree.
Your roots penetrate the ground, keeping you stationary.
You cannot be teleported.
You are immune to unholy pain and torment.
Your maximum health is greatly increased.
Your equipment is partially melded.
You are immune to sickness and miasma.
You are immune to poison.
((Your flesh is very heat resistant. (rF++)))
((You are vulnerable to cold. (rC-)))
You float through the air rather than walking.
You learn spells naturally, not from books.
Your magical power is your life essence.
You have superior vitality. (+4 MHP)


Message History

The phantom hits you but does no damage.
You hit the phantom but do no damage. The bat completely misses you.
The phantom hits you but does no damage.
You smack the phantom!
The phantom is heavily damaged.
The bat hits you but does no damage. The kobold hits you but does no damage.
The phantom hits you but does no damage.
You pummel the phantom!!
You destroy the phantom!
The kobold hits you but does no damage. The bat hits you but does no damage.
The kobold hits you but does no damage.
You have reached level 7!
The power to cast Lesser Beckoning wells up from within.
Spell assigned to 'c'.
Unknown command.
You smack the kobold!
You kill the kobold!
The bat hits you but does no damage. The kobold hits you but does no damage.
You barely miss the bat. The bat hits you but does no damage.
You barely miss the bat. You punch the bat.
The bat is heavily wounded.
The bat hits you but does no damage. The kobold hits you but does no damage.
The kobold throws a poisoned dart.
The poisoned dart hits you!
You cannot move.
Unknown command.
You smack the kobold!
You kill the kobold!
The bat hits you but does no damage.
You smack the endoplasm!
You kill the endoplasm!
The bat hits you but does no damage.
Unknown command.
You barely miss the kobold. The bat barely misses you.
You hit the kobold.
You kill the kobold!
The bat hits you but does no damage.
You hit the bat.
You kill the bat!
The kobold hits you but does no damage.
You are electrocuted!!
You die...

#≈≈≈#≈≈≈≈≈≈#...# ≈≈≈≈
#~~~#≈≈≈≈≈≈≈...#≈≈≈≈≈
#~≈≈#≈≈≈~≈.#...#≈~≈≈
#~≈≈#≈~~≈....≈...≈≈~
#≈.~#≈~~~).#≈≈≈#...
#≈≈~#......#≈≈≈#
#≈~.#)#######≈## ####
#~~~#K.....#...#.....
#≈~.♣)K≈~~~.....~.≈~~
#≈≈)#≈≈≈≈~~#JK.#≈≈≈~≈
#############)#######
.Kz# ..K... .......'
+.⌠._.⌠.'. +.......'.
#..⌠.⌠..#≈~


You could see 2 kobolds.

Vanquished Creatures
  A phantom (Sewer)
  A scorpion (D:4)
  A wight (Sewer)
  4 gnolls (D:2)
  3 adders
  4 shadow imps (Sewer)
  4 ufetubi (Sewer)
  3 worms
  2 dart slugs
  6 ball pythons
  6 endoplasms
  3 giant cockroaches
  9 goblins
  6 hobgoblins
  4 jackals
  18 kobolds
  A quokka (D:1)
  7 bats
  2 frilled lizards (D:1)
  A giant cockroach zombie (Sewer)
  A kobold zombie (Sewer)
  4 rats
91 creatures vanquished.

Notes
Turn   | Place    | Note
-------+----------+-------------------------------------------
     0 | D:1      | mattiecakes the Djinni Shapeshifter began the quest for the
                  | Orb.
     0 | D:1      | Reached XP level 1. HP: 17/17 MP: 0/0
    55 | D:1      | Found a faded altar of an unknown god.
   103 | D:1      | Reached XP level 2. HP: 9/22 MP: 0/0
   107 | D:1      | Prayed at the altar of an unknown god.
   528 | D:1      | Reached XP level 3. HP: 18/27 MP: 0/0
   528 | D:1      | Learned a level 1 spell: Magic Dart
  1015 | D:2      | Found a hazy altar of Hepliaklqana.
  1033 | D:2      | Reached XP level 4. HP: 23/32 MP: 0/0
  1113 | D:2      | Found Comeqe Dach's General Store.
  1210 | D:2      | Reached skill level 4 in Unarmed Combat
  1662 | D:3      | Reached XP level 5. HP: 37/37 MP: 0/0
  1662 | D:3      | Learned a level 2 spell: Searing Ray
  1959 | D:3      | Found a shimmering altar of Xom.
  2144 | D:3      | Found Firgho Kimem's Antique Weapon Emporium.
  2204 | D:4      | Reached XP level 6. HP: 35/42 MP: 0/0
  2270 | D:4      | Found a glowing drain.
  2292 | Sewer    | Entered a sewer
  2394 | Sewer    | Reached skill level 5 in Unarmed Combat
  2662 | Sewer    | Reached XP level 7. HP: 12/47 MP: 0/0
  2662 | Sewer    | Learned a level 2 spell: Lesser Beckoning
  2669 | Sewer    | Slain by a kobold

Illustrated notes

Levels and vault maps discovered:
D:1:      dpeg_cavernosity, layout_rooms, chequers_ecumenical_altar_island
D:2:      layout_rooms, basic_altar, serial_shops, nicolae_shop_behind_doors
D:3:      layout_rooms, tgw_xom, serial_shops, nicolae_shop_behind_doors
D:4:      layout_loops_corners, zin_statuary, cheibrodos_sewer_entry_drain,
          kennysheep_donut, uniq_crazy_yiuf_cottage, uniq_edmund, uniq_robin
Sewer:    kennysheep_sewer_church

Skill      XL: |  1  2  3  4  5  6 |
---------------+-------------------+-----
Shapeshifting  | 3 4 |  4.8
Unarmed Combat | 4 5 |  5.6
Fighting       | |  1.0
Dodging        | |  2.1

Action                     |  1- 3 |  4- 6 |  7- 9 || total
---------------------------+-------+-------+-------++-------
  Melee: Unarmed           |   103 |   179 |     8 ||   290
         Punch             |     2 |     6 |     1 ||     9
   Cast: Magic Dart        |       |     1 |       ||     1
    Use: Potion            |       |     7 |       ||     7
 Armour: Animal skin       |    61 |   162 |       ||   223
         Skin              |       |    12 |     9 ||    21
  Dodge: Dodged            |    53 |   182 |     1 ||   236

Table legend: (Time is in decaauts)
 A = Elapsed time spent in this place.
 B = Non-inter-level travel time spent in this place.
 C = Inter-level travel time spent in this place.
 D = Time resting spent in this place.
 E = Time spent auto-exploring this place.
 F = Levels seen in this place.
 G = Mean time per level.
                   A        B        C        D        E       F      G
               +--------+--------+--------+--------+--------+-----+--------+
         Total |   2644 |   2589 |     55 |    336 |   1693 |   5 |  528.8 |
       Dungeon |   2275 |   2220 |     55 |    205 |   1575 |   4 |  568.8 |
         Sewer |    369 |    369 |      0 |    131 |    118 |   1 |  369.0 |
               +--------+--------+--------+--------+--------+-----+--------+

Top non-repeatable levels by time:
     D:1: 898 daAuts
     D:2: 736 daAuts
     D:3: 541 daAuts
   Sewer: 369 daAuts
     D:4: 98 daAuts
